 Dungeon Crawl Stone Soup version 0.16.2-12-gd0ad4c3 (webtiles) character file.

178575 dvd the Peltast (level 17, 0/89 HPs)
             Began as a Demonspawn Gladiator on Oct 4, 2015.
             Was the Champion of Qazlal.
             Succumbed to a green draconian's poison gas
             ... on level 1 of the Abyss.
             The game lasted 05:18:20 (40743 turns).

dvd the Peltast (Demonspawn Gladiator)             Turns: 40743, Time: 05:18:20

Health: 0/89       AC: 38    Str: 17    XL:     17   Next: 58%
Magic:  23/23      EV: 17    Int: 12    God:    Qazlal [******]
Gold:   2459       SH: 24    Dex: 19    Spells: 0 memorised, 16 levels left

rFire  + . .     SeeInvis +     e - +8 short sword (elec)
rCold  + . .     Clarity  .     M - +12 plate armour "Bluinluk" {rElec rF+ Str-5 Int+3}
rNeg   + + .     SustAb   .     l - +1 shield
rPois  .         Gourm    .     T - +0 helmet
rElec  +         Spirit   .     D - +0 cloak of Starlight {rElec rC+ EV+4 Stlth-}
rCorr  .         Warding  +     F - +0 pair of gloves
rMut   .         Stasis   .     g - +2 pair of boots
MR     +....                    p - amulet of warding
Stlth  ..........               o - +4 ring of strength
                                j - ring of Shadows {Umbra +Inv rN+ SInv}

@: lethally poisoned (0 -> -29), wreathed by umbra, repel missiles, somewhat
resistant to hostile enchantments, extremely unstealthy
A: claws 2, thin metallic scales 3, blurry vision 1, frail 3, low mp 1, powered
by death 2, powered by pain 1, screaming 1, placid magic 1, MP-powered wands 1
a: Upheaval, Elemental Force, Disaster Area, Renounce Religion, Evoke
Invisibility


You were on level 1 of the Abyss.
You worshipped Qazlal.
Qazlal was exalted by your worship.
You were hungry.

You visited 6 branches of the dungeon, and saw 32 of its levels.
You visited the Abyss 1 time.
You also visited: Labyrinth, Sewer, Ossuary and Ice Cave.

You collected 3842 gold pieces.
You spent 1383 gold pieces at shops.

Inventory:

Hand weapons
 b - a +4 hunting sling of flaming
 c - a +2 dagger of venom
 e - a +8 short sword of electrocution (weapon)
 u - a +1 long sword of electrocution
 E - a +2 long sword of slicing
 J - a +3 scimitar of freezing
 Q - a +3 scimitar of slicing
 U - the +9 spear of Adurusch {freeze, Int+5}
   (You found it on level 2 of the Lair of Beasts)

   It has been specially enchanted to freeze those struck by it, causing extra
   injury to most foes and up to half again as much damage against particularly
   susceptible opponents.
   It can also slow down cold-blooded creatures.
   It affects your intelligence (+5).
 Y - a +1 eveningstar of flaming
Missiles
 y - 76 sling bullets
 I - 12 tomahawks (quivered)
Armour
 a - a +1 buckler of reflection
 g - a +2 pair of boots (worn)
 l - a +1 shield (worn)
 D - the +0 cloak of Starlight (worn) {rElec rC+ EV+4 Stlth-}
   (You bought it in a shop on level 4 of the Orcish Mines)

   It affects your evasion (+4).
   It protects you from cold.
   It insulates you from electricity.
   It makes you less stealthy.
 F - a +0 pair of gloves (worn)
 L - a +0 scale mail of poison resistance
 M - the +12 plate armour "Bluinluk" (worn) {rElec rF+ Str-5 Int+3}
   (You found it on level 4 of the Spider Nest)

   It affects your strength (-5).
   It affects your intelligence (+3).
   It protects you from fire.
   It insulates you from electricity.
 T - a +0 helmet (worn)
Jewellery
 j - the ring of Shadows (left hand) {Umbra +Inv rN+ SInv}
   (You bought it in a shop on level 4 of the Orcish Mines)

   [ring of invisibility]

   It protects you from negative energy.
   It enhances your eyesight.
   It lets you turn invisible.
 m - a +3 ring of evasion
 o - a +4 ring of strength (right hand)
 p - an amulet of warding (around neck)
 B - a +5 ring of evasion
 C - the ring of Ghilyn {rC++ MP-9 Dex+2}
   (You found it on level 3 of the Spider Nest)

   [ring of dexterity]

   It affects your dexterity (+2).
   It greatly protects you from cold.
   It affects your magic capacity (-9).
 K - an uncursed amulet of resist corrosion
Magical devices
 h - a wand of cold (11)
 x - a wand of teleportation (9)
 H - a wand of fireball (6)
 R - a wand of fire (4)
 W - a wand of cold (6)
 X - a wand of digging (1)
Scrolls
 d - 7 scrolls of remove curse
 n - 11 scrolls of identify
 r - a scroll of teleportation
 w - a scroll of fog
 A - 2 scrolls of fear
 O - 6 scrolls of enchant armour
 S - 3 scrolls of blinking
 V - 7 scrolls of amnesia
 Z - a scroll of magic mapping
Potions
 i - 7 potions of restore abilities
 q - a potion of curing
 s - a potion of heal wounds
 t - 3 potions of magic
 v - a potion of resistance
 z - a potion of might
 G - 3 potions of berserk rage
 N - 3 potions of brilliance
Comestibles
 f - 18 bread rations
 k - 6 meat rations
 P - 34 fruits


   Skills:
 + Level 10.2 Fighting
 + Level 9.8(10.5) Short Blades
 + Level 6.0(8.8) Long Blades
 + Level 0.8 Maces & Flails
 + Level 2.3 Polearms
 + Level 8.4(8.9) Slings
 + Level 4.4(7.0) Throwing
 + Level 10.8 Armour
 + Level 13.0 Dodging
 + Level 3.3 Stealth
 + Level 16.6 Shields
 + Level 0.1 Unarmed Combat
 + Level 6.4 Invocations
 + Level 1.0 Evocations


You had 16 spell levels left.
You didn't know any spells.

Dungeon Overview and Level Annotations

Branches:
Dungeon (11/15)            Temple (1/1) D:6            Lair (8/8) D:8
  Swamp (0/5) Lair:6       Spider (5/5) Lair:6        Slime (0/6) Lair:6
    Orc (4/4) D:11            Elf (3/3) Orc:4

Altars:
Ashenzari
Cheibriados
Dithmenos
Elyvilon
Fedhas
Gozag
Kikubaaqudgha
Makhleb
Nemelex Xobeh
Okawaru
Qazlal
Ru
Sif Muna
Trog
Vehumet
Xom
Yredelemnul
Zin
The Shining One
Jiyva

Shops:
Orc:3 :   Orc:4 [=}!*   Elf:1 *   Elf:2 *

Annotations:
D:7 exclusion: oklob plant
Spider:5 Arachne


Innate Abilities, Weirdness & Mutations

You have very sharp fingernails.
You are completely covered in thin metallic scales (AC +4, rElec).
You can steal the life force of defeated enemies.
You sometimes gain a little power by taking damage.
Your magical capacity is low (-10% MP).
Your spells are a little easier to cast, but a little less powerful.
[Scrolls take you a little longer to read.]
[You are extremely frail (-30% HP).]
[You occasionally shout uncontrollably at your foes.]
[You expend magic power (3 MP) to slightly strengthen your wands.]


Message History

The raiju bursts into living lightning!
The living lightning is repelled.
The raiju blinks!
An ufetubus and 2 raiju come into view.
You are engulfed in poison gas.
You are lethally poisoned!
* * * LOW HITPOINT WARNING * * *
x2 You feel very sick.
The insubstantial wisp blinks!
The raiju is engulfed in poison gas.
The raiju looks even sicker.
You are engulfed in poison gas.
You are more poisoned.
* * * LOW HITPOINT WARNING * * *
x2 You feel very sick.
The raiju is engulfed in poison gas.
The raiju looks even sicker.
* * * LOW HITPOINT WARNING * * *
You feel very sick. You block the ufetubus' attack. x2
The ufetubus barely misses you. The ufetubus closely misses you.
The raiju is engulfed in poison gas.
The raiju looks even sicker.
You die...

# # .... .. ...
. ..# .# #.##..
..##.#..#
..#... #.#5##
#§.@# .
#.##......# ..
. ##.§###..##$
# ...# ##h.##.#
#.# .. ... ##
#..v§§# # ##
..#.##. #d§..§#
. .#...#
##5#§x...# #..
#.. .#.#.hh.###
.
v.##.§#..##...#


You could see an ufetubus.

Vanquished Creatures
  A bone dragon (Abyss:1)
  A lich (Abyss:1)
  A deep elf blademaster (Elf:2)
  Asterion (Spider:3)
  A deep elf master archer (Elf:3)
  Frances (Spider:3)
  A ghost moth (Spider:4)
  An emperor scorpion (Spider:3)
  5 deep elf annihilators
  3 deep elf demonologists
  Azrael (Spider:3)
  A blizzard demon (Spider:1)
  A fire dragon (Lair:8)
  2 deep elf death magi (Elf:2)
  The ghost of hannobal the Impaler, a powerful FoFi of Fedhas (Orc:4)
  A minotaur (Lab)
  Fannar (Lair:4)
  An ice dragon (Lair:8)
  8 hydras
  15 dancing weapons (Elf:2)
  3 orc high priests (Orc:4)
  Nergalle (Lair:2)
  An unseen horror (D:10)
  A wretched star (Abyss:1)
  3 skeletal warriors (D:10)
  A large abomination (Abyss:1)
  8 deep elf summoners
  16 deep elf knights
  2 ice statues (IceCv)
  12 orb spiders
  19 deep elf conjurers
  A lindwurm (Lair:8)
  A hill giant (D:10)
  6 hornets
  5 orc knights
  The ghost of Charly the Grappler, an experienced VSTm of Cheibriados (Orc:1)
  3 griffons
  17 wolf spiders
  An ugly thing (D:10)
  2 cyclopes (D:10)
  An orb spider (shapeshifter) (Elf:1)
  4 orc sorcerers
  5 elephants (Lair:7)
  Joseph (D:8)
  3 moths of wrath
  8 spiny frogs
  3 black mambas
  2 small abominations
  5 torpor snails (Lair:8)
  Psyche (Orc:4)
  17 demonic crawlers
  16 komodo dragons
  A kobold demonologist (D:11)
  2 fire drakes
  7 deep elf priests
  5 trolls
  Sonja (Orc:3)
  6 giant leeches
  35 blink frogs
  Grinder (D:5)
  Prince Ribbit (D:9)
  2 boulder beetles (Lair:3)
  15 jumping spiders
  3 basilisks
  15 trapdoor spiders
  2 spriggans
  49 redbacks
  A vampire (D:10)
  33 tarantellas
  3 wyverns
  A wraith (D:10)
  28 deep elf magi
  4 hippogriffs
  5 fire elementals (Spider:3)
  59 yaks
  A hippogriff (shapeshifter) (D:10)
  27 deep elf fighters
  A neqoxec (Abyss:1)
  3 mottled dragons
  A hungry ghost (D:10)
  A steam dragon (Lair:8)
  12 water moccasins
  3 wargs
  2 swamp worms (Lair:6)
  16 orc warriors
  3 soldier ants (D:10)
  3 swamp drakes (Lair:8)
  The ghost of Charly the Chopper, an average VSSk of Ashenzari (Ossuary)
  32 spiders
  3 wolves (Lair:8)
  4 black bears
  3 hell hounds (Spider:3)
  8 ogres
  3 sky beasts
  2 eyes of draining
  18 ice beasts
  8 porcupines
  10 wasps
  7 centaurs
  5 phantoms
  A necrophage (D:10)
  2 boring beetles
  15 crocodiles
  A giant frog (shapeshifter) (Elf:3)
  3 big kobolds
  4 brain worms (Lair:8)
  19 giant frogs
  10 scorpions
  A water moccasin skeleton (D:4)
  14 electric eels
  26 killer bees
  8 wights
  The ghost of eeldvark the Gusty, a weakling DrAE (D:3)
  A goliath beetle (D:7)
  4 quasits
  27 orc priests
  2 giant frog zombies (D:10)
  17 hounds
  15 iguanas
  11 crimson imps
  A human zombie (Ossuary)
  2 jellies
  2 centaur skeletons (D:8)
  2 giant frog skeletons
  2 hell rats
  Natasha (D:4)
  32 orc wizards
  9 worker ants
  14 sheep
  3 big kobold zombies (Ossuary)
  Ijyb (D:4)
  2 mummies (Ossuary)
  A hound skeleton (D:10)
  A hound zombie (D:10)
  2 worker ant zombies
  19 adders
  74 river rats
  3 shadow imps
  18 worms
  An adder zombie (D:6)
  An adder skeleton (D:8)
  8 giant geckos
  An ooze (D:4)
  142 orcs
  A bat skeleton (D:7)
  A bat zombie (D:7)
  8 giant cockroaches
  16 hobgoblins
  14 jackals
  12 quokkas
  2 ball pythons
  15 bats
  2 giant gecko skeletons (D:5)
  5 giant newts
  2 giant spores (D:9)
  2 gnoll zombies (Ossuary)
  24 goblins
  A goblin zombie (Ossuary)
  4 hobgoblin zombies (Ossuary)
  A jackal zombie (D:5)
  20 kobolds
  3 orc zombies (Ossuary)
  A quokka skeleton (D:6)
  15 rats
  5 ballistomycetes
  4 bushes
  3 crawling corpses
  37 fungi
  50 plants
1446 creatures vanquished.

Vanquished Creatures (collateral kills)
  An orc sorcerer (Orc:4)
  A blue devil (Orc:4)
  2 sheep (Lair:2)
  A river rat (Lair:2)
5 creatures vanquished.

Vanquished Creatures (others)
  A ghost moth (Spider:5)
  A deep elf knight (Elf:1)
  A wolf spider (Spider:2)
  A fire drake (Lair:6)
  2 jumping spiders
  A deep elf mage (Elf:1)
  A redback (Spider:5)
  A sky beast (D:9)
  A lost soul (Elf:2)
  An electric eel (Spider:4)
  A goblin (Orc:1)
  A giant spore (D:8)
  21 fungi
  28 plants
62 creatures vanquished.

Grand Total: 1513 creatures vanquished

Notes
Turn   | Place    | Note
--------------------------------------------------------------
     0 | D:1      | dvd, the Demonspawn Gladiator, began the quest for the Orb.
     0 | D:1      | Reached XP level 1. HP: 16/16 MP: 1/1
   153 | D:1      | Reached skill level 3 in Long Blades
   231 | D:1      | Gained mutation: You are partially covered in thin metallic scales (AC +2). [demonic ancestry]
   231 | D:1      | Reached XP level 2. HP: 19/22 MP: 2/2
   527 | D:1      | Gained mutation: You have sharp fingernails. [demonic ancestry]
   527 | D:1      | Reached XP level 3. HP: 24/28 MP: 3/3
   967 | D:2      | Found a stormy altar of Qazlal.
   993 | D:2      | Became a worshipper of Qazlal Stormbringer
  1563 | D:2      | Reached XP level 4. HP: 30/34 MP: 4/4
  1580 | D:2      | Reached skill level 1 in Armour
  1738 | D:2      | Found a sacrificial altar of Ru.
  1751 | D:2      | Reached skill level 1 in Slings
  1760 | D:2      | Acquired Qazlal's first power
  1889 | D:2      | Found an ancient bone altar of Kikubaaqudgha.
  2013 | D:3      | Gained mutation: You are mostly covered in thin metallic scales (AC +3). [demonic ancestry]
  2013 | D:3      | Reached XP level 5. HP: 17/39 MP: 5/5
  2037 | D:3      | Noticed eeldvark's ghost (weakling DrAE)
  2310 | D:3      | Reached skill level 1 in Stealth
  2547 | D:3      | Reached skill level 1 in Shields
  2734 | D:3      | Reached skill level 4 in Dodging
  2921 | D:3      | Acquired Qazlal's second power
  3176 | D:3      | Killed eeldvark's ghost
  3176 | D:3      | Gained mutation: You are completely covered in thin metallic scales (AC +4, rElec). [demonic ancestry]
  3176 | D:3      | Reached XP level 6. HP: 40/46 MP: 6/6
  3359 | D:4      | Found a white marble altar of Elyvilon.
  3416 | D:4      | Reached skill level 1 in Invocations
  3423 | D:4      | HP: 2/46 [orc wizard/puff of flame (13)]
  3431 | D:4      | Reached XP level 7. HP: 15/51 MP: 4/8
  4354 | D:4      | Reached skill level 5 in Dodging
  4443 | D:4      | Noticed Ijyb
  4456 | D:4      | Killed Ijyb
  4789 | D:4      | Reached XP level 8. HP: 52/58 MP: 4/9
  4800 | D:4      | Noticed Natasha
  4810 | D:4      | Killed Natasha
  5266 | D:5      | Entered Level 5 of the Dungeon
  5433 | D:5      | Reached skill level 1 in Short Blades
  5450 | D:5      | Found a glowing drain.
  5455 | Sewer    | Entered a sewer
  5639 | Sewer    | Found a white marble altar of Elyvilon.
  5914 | D:5      | Noticed Grinder
  5930 | D:5      | Killed Grinder
  6234 | D:5      | Found a shadowy altar of Dithmenos.
  6586 | D:6      | Found a sand-covered staircase.
  6603 | Ossuary  | Entered an ossuary
  6603 | Ossuary  | Noticed Charly's ghost (average VSSk)
  6611 | Ossuary  | Killed Charly's ghost
  6611 | Ossuary  | Reached XP level 9. HP: 65/65 MP: 12/12
  7034 | D:6      | Found a staircase to the Ecumenical Temple.
  7042 | D:6      | Reached skill level 6 in Dodging
  7054 | Temple   | Entered the Ecumenical Temple
  8047 | D:7      | Reached skill level 5 in Shields
  8137 | D:7      | Acquired Qazlal's third power
  8244 | D:7      | Found a snail-covered altar of Cheibriados.
  8325 | D:7      | Found a glowing silver altar of Zin.
  8737 | D:7      | Found a blossoming altar of Fedhas.
  8809 | D:7      | Noticed an oklob plant
  8890 | D:8      | Found a staircase to the Lair.
  9044 | D:8      | Found a stormy altar of Qazlal.
  9330 | D:8      | Reached XP level 10. HP: 56/73 MP: 3/16
  9570 | D:8      | Reached skill level 7 in Dodging
  9940 | D:8      | Noticed Joseph
  9951 | D:8      | Killed Joseph
  9951 | D:8      | Reached skill level 5 in Long Blades
 10034 | D:8      | Got a crystal flail
 10035 | D:8      | Identified the +2 flail of Intimidation {pain, Dex+2} (You took it off a crimson imp on level 8 of the Dungeon)
 10499 | Lair:1   | Entered Level 1 of the Lair of Beasts
 11029 | D:7      | Reached skill level 5 in Armour
 11572 | D:9      | Noticed Prince Ribbit
 11582 | D:9      | Reached skill level 5 in Fighting
 11890 | D:9      | Reached skill level 5 in Slings
 12251 | D:9      | Killed Prince Ribbit
 12474 | Lair:1   | Reached XP level 11. HP: 75/80 MP: 18/18
 13071 | Lair:1   | Noticed a seven-headed hydra
 13080 | Lair:1   | Killed a seven-headed hydra
 13577 | Lair:1   | Reached skill level 8 in Dodging
 14038 | Lair:2   | Got a warped spear
 14040 | Lair:2   | Identified the +9 spear of Adurusch {freeze, Int+5} (You found it on level 2 of the Lair of Beasts)
 14181 | Lair:2   | Acquired Qazlal's fourth power
 14442 | Lair:2   | Noticed Nergalle
 14455 | Lair:2   | Noticed a spectral orc warlord
 14461 | Lair:2   | Killed Nergalle
 14849 | Lair:2   | Gained mutation: You have very sharp fingernails. [demonic ancestry]
 14849 | Lair:2   | Reached XP level 12. HP: 48/88 MP: 20/20
 15328 | Lair:3   | Reached skill level 5 in Short Blades
 15529 | Lair:3   | Noticed an eight-headed hydra
 15542 | Lair:3   | Killed an eight-headed hydra
 15542 | Lair:3   | Reached skill level 9 in Dodging
 16809 | Lair:3   | Found a shimmering altar of Xom.
 16985 | Lair:4   | Found a labyrinth entrance.
 17054 | Lab      | Entered a labyrinth
 17430 | Lab      | Noticed a minotaur
 17446 | Lab      | Killed a minotaur
 17453 | Lab      | Got a slimy blowgun
 17466 | Lair:4   | Noticed Fannar
 17492 | Lair:4   | Killed Fannar
 17514 | Lair:4   | Identified the +9 blowgun "Uwutho" {evade, -Cast rPois MR+ Dex+5} (You found it in a labyrinth)
 17605 | Lair:4   | Reached skill level 5 in Invocations
 18755 | Lair:5   | Gained mutation: You sometimes gain a little power by taking damage. [demonic ancestry]
 18755 | Lair:5   | Reached XP level 13. HP: 82/95 MP: 21/21
 18776 | Lair:5   | Noticed a six-headed hydra
 18790 | Lair:5   | Killed a six-headed hydra
 18882 | Lair:5   | Noticed a six-headed hydra
 18891 | Lair:5   | Killed a six-headed hydra
 18891 | Lair:5   | Reached skill level 1 in Polearms
 19151 | Lair:5   | Acquired Qazlal's fifth power
 19331 | Lair:5   | Noticed a six-headed hydra
 19337 | Lair:5   | Killed a six-headed hydra
 19337 | Lair:5   | Reached skill level 10 in Shields
 19527 | Lair:6   | Found a hole to the Spider Nest.
 19891 | Lair:6   | Reached skill level 10 in Dodging
 19971 | Lair:6   | Found a staircase to the Slime Pits.
 19971 | Lair:6   | Found a viscous altar of Jiyva.
 22022 | Lair:8   | Entered Level 8 of the Lair of Beasts
 22049 | Lair:8   | Reached skill level 11 in Shields
 22880 | Lair:8   | Gained mutation: Your magical capacity is low (-10% MP). [potion of mutation]
 22880 | Lair:8   | Gained mutation: Your spells are a little easier to cast, but a little less powerful. [potion of mutation]
 22979 | Lair:8   | Found a runed door.
 22994 | Lair:8   | Gained mutation: You can steal the life force of nearby defeated enemies. [demonic ancestry]
 22994 | Lair:8   | Reached XP level 14. HP: 101/103 MP: 20/20
 24052 | Lair:6   | Found a staircase to the Swamp.
 24107 | Spider:1 | Entered Level 1 of the Spider Nest
 24418 | Spider:1 | Reached skill level 12 in Shields
 26813 | Spider:3 | Got a pitted copper ring
 26815 | Spider:3 | Identified the ring of Ghilyn {rC++ MP-9 Dex+2} (You found it on level 3 of the Spider Nest)
 26981 | Spider:3 | Noticed Azrael
 27027 | Spider:3 | Killed Azrael
 27318 | Spider:3 | Reached XP level 15. HP: 95/110 MP: 12/21
 27509 | Spider:3 | Reached skill level 13 in Shields
 27517 | Spider:3 | Noticed an emperor scorpion
 27553 | Spider:3 | Killed an emperor scorpion
 28366 | Spider:4 | Noticed Frances
 28386 | Spider:4 | Noticed Asterion
 28392 | Spider:4 | Paralysed by Asterion for 5 turns
 28404 | Spider:3 | Killed Asterion
 28421 | Spider:3 | Killed Frances
 29129 | Spider:4 | Got an ivory hand crossbow
 29130 | Spider:4 | Identified the +4 hand crossbow "Thrien" {elec, rElec rPois Str-4} (You found it on level 4 of the Spider Nest)
 29241 | Spider:4 | Got a brightly glowing plate armour
 29252 | Spider:4 | Identified the +12 plate armour "Bluinluk" {rElec rF+ Str-5 Int+3} (You found it on level 4 of the Spider Nest)
 29885 | Spider:5 | Entered Level 5 of the Spider Nest
 30176 | Spider:5 | Reached skill level 14 in Shields
 30225 | Spider:5 | Noticed Arachne
 30265 | Spider:5 | Reached skill level 1 in Evocations
 30303 | Spider:5 | HP: 3/112 [demonic crawler (7)]
 30341 | Spider:5 | HP: 1/112 [demonic crawler (7)]
 31289 | D:10     | Entered Level 10 of the Dungeon
 32894 | D:10     | Gained mutation: You can steal the life force of defeated enemies. [demonic ancestry]
 32894 | D:10     | Reached XP level 16. HP: 119/119 MP: 13/22
 33175 | D:11     | Found a frozen archway.
 33181 | IceCv    | Entered an ice cave
 34297 | D:11     | Found a staircase to the Orcish Mines.
 34303 | Orc:1    | Entered Level 1 of the Orcish Mines
 34330 | Orc:1    | Noticed Charly's ghost (experienced VSTm)
 34341 | Orc:1    | Killed Charly's ghost
 35563 | Orc:3    | Found Utimuubu's Book Emporium.
 35921 | Orc:4    | Entered Level 4 of the Orcish Mines
 35925 | Orc:4    | Noticed Sonja
 35926 | Orc:4    | Noticed hannobal's ghost (powerful FoFi)
 35941 | Orc:3    | Killed Sonja
 35989 | Orc:4    | Killed hannobal's ghost
 36060 | Orc:4    | Noticed Psyche
 36075 | Orc:4    | Killed Psyche
 36078 | Orc:4    | Found Ciadgh's General Store.
 36170 | Orc:4    | Paralysed by an orc sorcerer for 3 turns
 36221 | Orc:4    | Reached skill level 10 in Armour
 36241 | Orc:4    | Found Cougiun's Gadget Boutique.
 36311 | Orc:4    | Found Ocvaf's Armour Emporium.
 36316 | Orc:4    | Found Ybaph's Jewellery Emporium.
 36317 | Orc:4    | Bought the +0 cloak of Starlight {rElec rC+ EV+4 Stlth-} for 531 gold pieces
 36343 | Orc:4    | Found Ufitwips' Distillery.
 36497 | Orc:4    | Bought the ring of Shadows {Umbra +Inv rN+ SInv} for 635 gold pieces
 36575 | Orc:4    | Found a staircase to the Elven Halls.
 36773 | Elf:1    | Entered Level 1 of the Elven Halls
 36893 | Elf:1    | Reached skill level 15 in Shields
 36937 | Elf:1    | Found Guxiqom's Assorted Antiques.
 36981 | Elf:1    | Found a deep blue altar of Sif Muna.
 37245 | Elf:1    | Identified Ashoy's Incunabulum of Burning Arcane Weapons
 37769 | Elf:2    | Noticed a Hell Sentinel
 38340 | Elf:2    | Found Ofiusio's Assorted Antiques.
 38364 | Elf:2    | Bought a scroll of enchant weapon for 217 gold pieces
 38504 | Elf:3    | Entered Level 3 of the Elven Halls
 38914 | Elf:3    | Reached XP level 17. HP: 127/127 MP: 23/23
 39401 | Elf:2    | Found a runed gate.
 39401 | Elf:2    | Found a runed gate.
 39401 | Elf:2    | Found a runed gate.
 39416 | Elf:2    | Noticed a deep elf blademaster
 39443 | Elf:2    | Killed a deep elf blademaster
 39572 | Elf:2    | Noticed a Brimstone Fiend
 39597 | Elf:2    | Reached skill level 16 in Shields
 39617 | Elf:2    | Reached skill level 10 in Fighting
 40475 | Elf:3    | Noticed a Brimstone Fiend
 40491 | Elf:3    | Noticed a deep elf master archer
 40505 | Elf:3    | Killed a deep elf master archer
 40566 | Elf:3    | Cast into the Abyss (a deep elf demonologist)
 40579 | Abyss:1  | Found a corrupted altar of Lugonu.
 40612 | Abyss:1  | Noticed a bone dragon
 40648 | Abyss:1  | Killed a bone dragon
 40664 | Abyss:1  | Noticed a lich
 40674 | Abyss:1  | Killed a lich
 40742 | Abyss:1  | HP: 3/89 [poisoned by a green draconian (poison gas)]
 40743 | Abyss:1  | Succumbed to a green draconian's poison gas

Action                   |  1- 3 |  4- 6 |  7- 9 | 10-12 | 13-15 | 16-18 || total
-------------------------+-------+-------+-------+-------+-------+-------++-------
Melee: Long sword        |   129 |   197 |   159 |    74 |   453 |    10 ||  1022
       Dagger            |       |     5 |    76 |   103 |   191 |    12 ||   387
       Short sword       |       |       |   299 |   741 |  1314 |  1743 ||  4097
       Hunting sling     |       |       |       |     1 |       |       ||     1
       Mace              |       |       |       |    10 |       |       ||    10
       Spear             |       |       |       |    66 |   228 |       ||   294
       Scimitar          |       |       |       |       |    45 |    19 ||    64
       Unarmed           |       |       |       |       |    39 |       ||    39
       Broad axe         |       |       |       |       |     6 |       ||     6
       Eveningstar       |       |       |       |       |       |    12 ||    12
 Fire: Hunting sling     |    29 |    46 |    66 |   173 |    89 |    13 ||   416
Throw: Throwing net      |     2 |     4 |     2 |       |       |       ||     8
       Tomahawk          |       |       |    15 |    47 |    12 |     4 ||    78
       Javelin           |       |       |       |       |     9 |     6 ||    15
Invok: Upheaval          |       |     2 |    13 |    10 |     8 |     8 ||    41
       Elemental Force   |       |       |       |       |     1 |     1 ||     2
       Disaster Area     |       |       |       |       |       |     2 ||     2
Evoke: Wand              |       |       |       |     1 |     6 |     1 ||     8
  Use: Scroll            |       |     5 |     9 |    11 |    21 |     2 ||    48
       Potion            |       |     2 |     5 |     7 |    18 |     2 ||    34
 Stab: Paralysed         |       |     2 |       |       |       |       ||     2
       Held in net/web   |       |     1 |       |       |       |       ||     1
       Fleeing           |       |       |       |     1 |       |       ||     1
       Invisible         |       |       |       |       |     3 |       ||     3
  Eat: Chunk             |     2 |     7 |    19 |    27 |    26 |    15 ||    96
       Pizza             |       |       |       |     2 |     2 |     1 ||     5
       Royal jelly       |       |       |       |     1 |     3 |       ||     4
       Beef jerky        |       |       |       |       |     6 |       ||     6
       Meat ration       |       |       |       |       |     1 |     2 ||     3
